 Dungeon Crawl Stone Soup version 0.29-a0-477-g62b78b4225 (webtiles) character file.

Game seed: 17118136423276025953

42 Sobieck the Skirmisher (level 3, 0/20 HPs)
             Began as a Vine Stalker Fighter on May 24, 2022.
             Succumbed to an adder's poison
             ... on level 2 of the Dungeon.
             The game lasted 00:02:57 (1479 turns).

Sobieck the Skirmisher (Vine Stalker Fighter)       Turns: 1479, Time: 00:02:58

Health: 0/20       AC:  6    Str: 18    XL:     3   Next: 54%
Magic:  1/4        EV:  9    Int:  8    God:
Gold:   34         SH:  5    Dex: 15    Spells: 2/2 levels left

rFire   . . .      SeeInvis .   a - +0 rapier {short}
rCold   . . .      Faith    .   c - +0 buckler
rNeg    . . .      Spirit   +   j - +0 scale mail
rPois   .          Reflect  .   (no helmet)
rElec   .          Harm     .   (no cloak)
rCorr   .          Rampage  .   (no gloves)
Will    .....                   (no boots)
Stlth   +.........              (no amulet)
HPRegen 0.06/turn               (no ring)
MPRegen 0.09/turn               (no ring)

@: lethally poisoned (0 -> -2), on berserk cooldown, flying, slowed, very slow
A: fangs 2, magic shield, antimagic bite, no potion heal 2
a: no special abilities


You were on level 2 of the Dungeon.
You visited 1 branch of the dungeon, and saw 2 of its levels.

You collected 50 gold pieces.
You spent 16 gold pieces at shops.


Innate Abilities, Weirdness & Mutations

You have extremely sharp teeth.
When hurt, damage is shared between your health and your magic reserves.
Your bite disrupts and absorbs the magic of your enemies.
Potions cannot restore your health.


   Skills:
 + Level 3.2 Fighting
 + Level 2.4 Short Blades
 - Level 2.4 Armour
 + Level 2.2 Stealth
 - Level 2.6 Shields


You had 2 spell levels left.
You didn't know any spells.
Your spell library was empty.

Inventory:

Hand Weapons
 a - a +0 rapier (weapon) {short}
 b - a +0 hunting sling {sling}
   (You bought it in a shop on level 1 of the Dungeon)
Missiles
 g - 31 stones (quivered) {throwing}
 o - 10 poisoned darts {throwing}
Armour
 c - a +0 buckler (worn)
 j - a +0 scale mail (worn)
 n - a +0 chain mail
   (You found it on level 1 of the Dungeon)
Magical Staves
 m - a staff of death {!astaff}
   (You found it on level 1 of the Dungeon)
Scrolls
 e - a scroll of summoning {unknown}
 f - a scroll of vulnerability {unknown}
 k - a scroll of silence {unknown}
 l - a scroll of teleportation {unknown}
Potions
 d - a potion of might

Dungeon Overview and Level Annotations

Branches:
Dungeon (2/15)

Altars:

Shops:
D:1

[(( ###
#.#######
#......<#
#.####### #.#
#.# #.# #@# ####
#. #.# .....
#...###)###.....
#...............
#...###.........
#. +.?.......
#.††......
#.........
#....#####


There were no monsters in sight!


Message History

A goblin comes into view. It is wielding a +0 club.
Danger!
You shoot a sling bullet.
The sling bullet closely misses the goblin.
The goblin shouts!
You shoot a sling bullet. The sling bullet hits the goblin.
You kill the goblin!
No target in view!
No target in view!
You see here a +0 club {mace}.
A goblin comes into view. It is wielding a +0 club.
You see here a scroll labelled ESCHEU MASIMAI.
Danger!
You shoot a sling bullet. The sling bullet misses the goblin.
The goblin shouts!
You shoot a sling bullet.
The sling bullet barely misses the goblin.
A giant cockroach comes into view.
A rat comes into view.
You shoot a sling bullet. The sling bullet hits the goblin!
You kill the goblin!
An adder comes into view.
The adder moves out of view.
You shoot a sling bullet.
The sling bullet hits the giant cockroach.
You kill the giant cockroach!
No target in view!
No target in view!
Danger!
You shoot a sling bullet. The sling bullet barely misses the rat.
You shoot a sling bullet.
The sling bullet closely misses the rat.
The adder hisses angrily.
a - a +0 rapier (weapon)
{short} The rat bites you but does no damage.
You hit the rat. You bite the rat. You drain its power.
You block the rat's attack.
You barely miss the rat. You block the rat's attack.
You closely miss the rat. The adder barely misses you.
You block the rat's attack. The adder bites you but does no damage.
You puncture the rat!
You kill the rat!
You block the adder's attack.
You barely miss the adder. Your bite misses the adder. The adder misses you.
The adder completely misses you.
You closely miss the adder. Your bite misses the adder.
The adder barely misses you.
You closely miss the adder. Your bite misses the adder.
You block the adder's attack.
You hit the adder. Your bite misses the adder. The adder bites you.
The adder completely misses you.
You closely miss the adder. Your bite misses the adder.
The adder bites you but does no damage.
You miss the adder. Your bite misses the adder. The adder bites you.
You are poisoned.
The adder poisons you! The adder bites you.
You are more poisoned.
The adder poisons you!
You barely miss the adder.
You feel very sick. The adder barely misses you.
You barely miss the adder. Your bite misses the adder.
You feel sick. The adder bites you.
* * * LOW HITPOINT WARNING * * *
You are more poisoned.
The adder poisons you! The adder bites you but does no damage.
You closely miss the adder.
* * * LOW HITPOINT WARNING * * *
You feel sick. The adder bites you.
You are lethally poisoned!
The adder poisons you!
You puncture the adder!
You kill the adder!
* * * LOW HITPOINT WARNING * * *
You feel very sick.
Unknown command.
* * * LOW HITPOINT WARNING * * *
You feel sick.
It was a potion of flight.
You feel very buoyant.
You fly up into the air.
* * * LOW HITPOINT WARNING * * *
You feel sick.
It was a potion of berserk rage.
A red film seems to cover your vision as you go berserk!
You feel yourself moving faster!
You feel mighty!
* * * LOW HITPOINT WARNING * * *
You feel sick.
Unknown command.
You feel a strong urge to attack something.
* * * LOW HITPOINT WARNING * * *
You feel sick.
You see here a +0 club {mace}.
You feel your anger nearly subside.
* * * LOW HITPOINT WARNING * * *
You feel sick.
Unknown command.
You are no longer berserk.
You are exhausted.
You feel yourself slow down.
You die...

Skill      XL: |  1  2  3 |
---------------+----------+-----
Stealth        | 1 2 |  2.2
Short Blades   | 2 |  2.4
Fighting       | 3 |  3.2
Armour         | |  2.4
Shields        | |  2.6

Action                   || total
-------------------------++-------
Melee: Rapier            ||    58
       Bite              ||     7
 Fire: Hunting sling     ||    32
Throw: Stone             ||     4
  Use: Potion            ||     2
Armor: Scale mail        ||    42
Dodge: Dodged            ||    36
Block: Buckler           ||    21

Levels and vault maps discovered:
D:1:      amcnicky_arrival_feature_with_door, layout_basic, serial_shops,
          nicolae_shop_trees, shop, shop, hellmonk_ecumenical_altar_zigzags,
          minmay_heptomino_h4
D:2:      layout_basic, basic_altar, minmay_shallow_snake_nest

Notes
Turn   | Place    | Note
-------+----------+-------------------------------------------
     0 | D:1      | Sobieck the Vine Stalker Fighter began the quest for the
                  | Orb.
     0 | D:1      | Reached XP level 1. HP: 11/11 MP: 2/2
    14 | D:1      | Found Jucaes's Antique Armour Boutique.
    69 | D:1      | Found Siaceroi's Weapon Shoppe.
   174 | D:1      | HP: 2/11 [rat (2)]
   491 | D:1      | Reached skill level 1 in Stealth
   606 | D:1      | Found Odwoadun's Weapon Shop.
   614 | D:1      | Bought a +0 hunting sling for 16 gold pieces
   644 | D:1      | Reached skill level 2 in Short Blades
   644 | D:1      | Reached XP level 2. HP: 16/16 MP: 3/3
   770 | D:1      | Reached skill level 3 in Fighting
   896 | D:1      | Found a faded altar of an unknown god.
   979 | D:1      | Reached XP level 3. HP: 20/20 MP: 4/4
  1259 | D:1      | Reached skill level 2 in Stealth
  1473 | D:2      | HP: 5/20 [poisoned by an adder]
  1478 | D:2      | HP: 2/30 [poisoned by an adder]
  1479 | D:2      | Succumbed to an adder's poison

Vanquished Creatures
  An adder (D:2)
  A dart slug (D:1)
  An endoplasm (D:1)
  2 giant cockroaches
  5 goblins
  2 hobgoblins (D:1)
  2 quokkas (D:1)
  5 ball pythons (D:1)
  4 bats (D:1)
  A frilled lizard (D:1)
  2 kobolds (D:1)
  2 rats
28 creatures vanquished.

Table legend:
 A = Non-vault XP
 B = Vault XP
 C = Vault XP percentage of total XP
 D = Non-vault monster count
 E = Vault monster count
 F = Vault count percentage of total count
                 A         B        C        D         E       F
            +---------+---------+-------+---------+---------+-------
      Total |      50 |      10 |  16.7 |      24 |       4 |  14.3
            +---------+---------+-------+---------+---------+-------
        D:1 |      29 |      10 |  25.6 |      19 |       4 |  17.4
        D:2 |      21 |       0 |   0.0 |       5 |       0 |   0.0
            +---------+---------+-------+---------+---------+-------

Illustrated notes

Table legend:
 A = Kills in this place as a percentage of kills in entire the game.
 B = Kills by you in this place as a percentage of kills by you in the entire game.
 C = Kills by friends in this place as a percentage of kills by friends in the entire game.
 D = Other kills in this place as a percentage of other kills in the entire game.
 E = Experience gained in this place as a percentage of experience gained in the entire game.
 F = Experience gained in this place divided by the number of levels of this place that you have seen.
                   A       B       C       D       E      F
               +-------+-------+-------+-------+-------+----------------------
         Total | 100.0 | 100.0 |   N/A |   N/A | 100.0 |  30.0
       Dungeon | 100.0 | 100.0 |   N/A |   N/A | 100.0 |  30.0
               +-------+-------+-------+-------+-------+----------------------

Table legend: (Time is in decaauts)
 A = Elapsed time spent in this place.
 B = Non-inter-level travel time spent in this place.
 C = Inter-level travel time spent in this place.
 D = Time resting spent in this place.
 E = Time spent auto-exploring this place.
 F = Levels seen in this place.
 G = Mean time per level.
                   A        B        C        D        E       F      G
               +--------+--------+--------+--------+--------+-----+--------+
         Total |   1498 |   1446 |     52 |    287 |    939 |   2 |  749.0 |
       Dungeon |   1498 |   1446 |     52 |    287 |    939 |   2 |  749.0 |
               +--------+--------+--------+--------+--------+-----+--------+

Top non-repeatable levels by time:
     D:1: 1444 daAuts
     D:2: 54 daAuts
